[ AOE2 MATCH · #506923334 ]
UnrankedJapanese vs Burmese
Player's team · LOSS
Rival team · WIN
[ REPLAY ANALYSIS · EXTRACTED FROM THE RECORDED GAME ]
Feudal
—
Castle
—
Imperial
—
| APM avg | 62.1 |
| APM peak | 83 |
| eAPM avg | 16.4 |
| Villagers / military | 20 / 3 |
Focus
⚔️ 29.6% · 🌾 70.4%
Militia ×3
Feudal
9:13
Castle
—
Imperial
—
| APM avg | 64.5 |
| APM peak | 93 |
| eAPM avg | 28.8 |
| Villagers / military | 17 / 4 |
Focus
⚔️ 40.8% · 🌾 59.2%
Militia ×4
Match map
Initial resources + every placement click. Lines = walls · curves = elevation contours. ◆ gold · ⬟ stone · ● berries · ✦ relic · ◌ wall gap
Your base
[DH] JapoIroh's base
Smoothed initial terrain · ◌ = detected wall gap · hover for details
Inputs per minute
— Arlechinno - - [DH] JapoIroh
Build order — Arlechinno
37 actions detected in the replay
| 0:00 | Queue | Villager (Male) |
| 0:02 | Build | House |
| 0:02 | Build | House |
| 0:08 | Queue | Villager (Male) |
| 0:09 | Queue | Villager (Male) |
| 0:09 | Queue | Villager (Male) |
| 1:22 | Queue | Villager (Male) |
| 1:55 | Build | Lumber Camp |
| 2:03 | Queue | Villager (Male) |
| 2:28 | Queue | Villager (Male) |
| 2:52 | Queue | Villager (Male) |
| 3:10 | Queue | Villager (Male) |
| 3:48 | Queue | Villager (Male) |
| 4:07 | Queue | Villager (Male) |
| 4:17 | Build | House |
| 4:22 | Queue | Villager (Male) |
| 4:39 | Build | House |
| 4:46 | Queue | Villager (Male) |
| 5:20 | Queue | Villager (Male) |
| 5:48 | Queue | Villager (Male) |
| 5:48 | Queue | Villager (Male) |
| 5:50 | Build | Barracks |
| 6:39 | Queue | Villager (Male) |
| 6:46 | Build | House |
| 7:00 | Queue | Militia |
| 7:04 | Queue | Villager (Male) |
| 7:09 | Build | Mill |
| 7:17 | Queue | Militia |
| 7:19 | Queue | Militia |
| 7:20 | Queue | Villager (Male) |
| 7:25 | Build | House |
| 7:36 | Queue | Villager (Male) |
| 8:14 | Research | Loom |
| 9:21 | Research | Feudal Age |
| 10:03 | Build | Palisade Wall |
| 10:07 | Build | House |
| 10:08 | Build | Palisade Wall |
Build order — [DH] JapoIroh
47 actions detected in the replay
| 0:00 | Queue | Villager (Male) |
| 0:00 | Queue | Villager (Male) |
| 0:01 | Build | House |
| 0:03 | Build | House |
| 0:09 | Queue | Villager (Male) |
| 0:09 | Queue | Villager (Male) |
| 1:31 | Queue | Villager (Male) |
| 1:51 | Queue | Villager (Male) |
| 1:55 | Build | Lumber Camp |
| 2:15 | Queue | Villager (Male) |
| 2:41 | Queue | Villager (Male) |
| 3:03 | Build | House |
| 3:22 | Queue | Villager (Male) |
| 3:41 | Queue | Villager (Male) |
| 3:53 | Queue | Villager (Male) |
| 4:09 | Queue | Villager (Male) |
| 5:21 | Queue | Villager (Male) |
| 5:21 | Queue | Villager (Male) |
| 5:27 | Queue | Villager (Male) |
| 5:27 | Research | Loom |
| 5:45 | Build | Barracks |
| 6:17 | Build | House |
| 7:03 | Research | Feudal Age |
| 7:08 | Build | Palisade Wall |
| 7:23 | Queue | Militia |
| 7:23 | Queue | Militia |
| 7:34 | Build | Mining Camp |
| 7:42 | Queue | Militia |
| 7:54 | Queue | Militia |
| 8:15 | Build | Palisade Wall |
| 8:40 | Build | Palisade Wall |
| 8:41 | Build | Palisade Wall |
| 8:41 | Build | Palisade Wall |
| 8:42 | Build | Palisade Wall |
| 8:42 | Build | Palisade Wall |
| 8:42 | Build | Palisade Wall |
| 8:42 | Build | Palisade Wall |
| 8:44 | Build | Palisade Wall |
| 8:49 | Queue | Villager (Male) |
| 9:13 | Age | Feudal Age |
| 9:13 | Research | Man-at-Arms (upgrade) |
| 9:18 | Build | Archery Range |
| 9:29 | Build | Palisade Gate |
| 9:34 | Build | Palisade Wall |
| 9:35 | Build | Palisade Wall |
| 10:00 | Build | Archery Range |
| 10:08 | Queue | Villager (Male) |
Match timeline
| 5:45 | [DH] JapoIroh · first_building Barracks |
| 5:50 | Arlechinno · first_building Barracks |
| 7:08 | [DH] JapoIroh · wall_segment Palisade Wall x1 |
| 8:15 | [DH] JapoIroh · wall_segment Palisade Wall x1 |
| 8:40 | [DH] JapoIroh · wall_segment Palisade Wall x1 |
| 8:41 | [DH] JapoIroh · wall_segment Palisade Wall x1 |
| 8:41 | [DH] JapoIroh · wall_segment Palisade Wall x1 |
| 8:42 | [DH] JapoIroh · wall_segment Palisade Wall x1 |
| 8:42 | [DH] JapoIroh · wall_segment Palisade Wall x2 |
| 8:42 | [DH] JapoIroh · wall_segment Palisade Wall x2 |
| 8:42 | [DH] JapoIroh · wall_segment Palisade Wall x2 |
| 8:44 | [DH] JapoIroh · wall_segment Palisade Wall x1 |
| 9:13 | [DH] JapoIroh · age_up feudal |
| 9:18 | [DH] JapoIroh · first_building Archery Range |
| 9:34 | [DH] JapoIroh · wall_segment Palisade Wall x1 |
| 9:35 | [DH] JapoIroh · wall_segment Palisade Wall x1 |
| 10:03 | Arlechinno · wall_segment Palisade Wall x15 |
| 10:08 | Arlechinno · wall_segment Palisade Wall x17 |
| 10:20 | Arlechinno · resign |
[ AI ANALYSIS · 1 CREDIT ]
What really happened in this match?
Wolo.gg analyzes every decision: build order, eco, micro, common mistakes by bracket. Personalized analysis on WhatsApp or Discord in 30 seconds.
Civ guide
Japanese
Perfil
Jugador #2878663